 Dungeon Crawl Stone Soup version 0.30.1-3-gfc49f6343a (webtiles) character file.

Game seed: 7800090353980164910

49906 GeoRichter the Alchemist (level 14, -4/80 HPs)
             Began as a Deep Elf Air Elementalist on Aug 2, 2023.
             Was an Initiate of Yredelemnul.
             Slain by a minotaur
             ... wielding a +4 dagger of flaming
              (16 damage)
             ... in a Gauntlet.
             The game lasted 00:43:38 (22289 turns).

GeoRichter the Alchemist (DEAE)                    Turns: 22289, Time: 00:43:38

Health: -4/80      AC: 21    Str:  5    XL:     14   Next: 17%
Magic:  24/29      EV: 27    Int: 28    God:    Yredelemnul [......]
Gold:   821        SH:  0    Dex: 15    Spells: 17/31 levels left

rFire   . .          .
                       - Unarmed
rCold   . . .        (shield currently unavailable)
rNeg    + . .        p - melded +2 robe of Nyecwy {rCorr}
rPois   ∞            b - melded +0 helmet
rElec   +            o - melded +2 cloak
rCorr   .            O - melded +0 pair of gloves
SInv    .            j - melded +2 pair of boots
Will    +....        C - amulet "Piumofu" {Acrobat rN+ Int+2 Stlth+}
Stlth   +++          t - +4 ring of protection
HPRegen 0.33/turn    A - +5 ring of evasion
MPRegen 0.21/turn

%: no teleportation, acrobat
@: storm-form, flying, hasted, studying Maces & Flails, very quick
A: cleaving, insubstantial, flying
a: Blinkbolt, End Transformation, Renounce Religion, Recall Undead Harvest


You were in a Gauntlet.
You worshipped Yredelemnul.
Yredelemnul was noncommittal.
You were a lightning-filled tempest!
You visited 2 branches of the dungeon, and saw 16 of its levels.
You also visited: Gauntlet.

You collected 911 gold pieces.
You spent 90 gold pieces at shops.

Inventory:

Armour
 b - a +0 helmet (melded)
   (You found it on level 3 of the Dungeon)
 j - a +2 pair of boots (melded)
   (You found it on level 1 of the Dungeon)
 o - a +2 cloak (melded)
   (You took it off Crazy Yiuf on level 2 of the Dungeon)
 p - the +2 robe of Nyecwy (melded) {rCorr}
   (You found it on level 2 of the Dungeon)

   rCorr:     It protects you from acid and corrosion.
 F - a +1 cloak of poison resistance
   (You found it in a Gauntlet)
 G - a +2 buckler
   (You found it on level 8 of the Dungeon)
 O - a +0 pair of gloves (melded)
   (You found it on level 3 of the Lair of Beasts)
Magical Staves
 T - the staff of poison "Kekopafof" {Fly rPois Str+3 Int-3 SInv}
   (You found it on level 4 of the Lair of Beasts)

   [staff of poison]

   Base accuracy: +5 Base damage: 5 Base attack delay: 1.2 This weapon's minimum
   attack delay (0.6) is reached at skill level 12.
   Str:       It affects your strength (+3).
   Int:       It affects your intelligence (-3).
   rPois:     It protects you from poison.
   SInv:      It lets you see invisible.
   Fly:       It grants you flight.
   It falls into the 'Staves' category.
   It is a one-handed weapon.
Jewellery
 f - an amulet of reflection
   (You took it off an orc priest on level 8 of the Dungeon)
 t - a +4 ring of protection (left fist)
   (You found it on level 2 of the Dungeon)
 z - a ring of fire
   (You found it on level 10 of the Dungeon)
 A - a +5 ring of evasion (right fist)
   (You found it on level 4 of the Dungeon)
 C - the amulet "Piumofu" (around neck) {Acrobat rN+ Int+2 Stlth+}
   (You found it in a Gauntlet)

   [amulet of the acrobat]

   It increases your evasion while moving and waiting.
   Int:       It affects your intelligence (+2).
   rN:        It protects you from negative energy.
   Stlth:     It makes you more stealthy.
 Q - a ring of poison resistance
   (You found it on level 3 of the Lair of Beasts)
Wands
 a - a wand of digging (4)
   (You found it on level 2 of the Lair of Beasts)
 d - a wand of iceblast (11)
   (You found it on level 6 of the Dungeon)
 B - a wand of flame (30)
   (You took it off Ijyb on level 5 of the Dungeon)
 E - a wand of mindburst (33)
   (You found it on level 6 of the Dungeon)
 J - a wand of polymorph (22)
   (You found it on level 8 of the Dungeon)
 M - a wand of paralysis (21)
   (You found it on level 8 of the Dungeon)
Scrolls
 g - 5 scrolls of torment {!r}
 h - 3 scrolls of fog
 i - 4 scrolls of vulnerability {!r}
 l - 3 scrolls of immolation {!r}
 n - a scroll of silence
 q - 2 scrolls of noise {!r}
 s - 2 scrolls of poison {!r}
 u - 2 scrolls of fear
 w - 5 scrolls of enchant weapon
 x - a scroll of brand weapon {unknown}
 y - a scroll of enchant armour
 L - 2 scrolls of amnesia
 R - 2 scrolls of teleportation {@r4}
Potions
 c - 6 potions of ambrosia
 e - 6 potions of mutation {!q}
 k - 3 potions of haste {@q3}
 m - 5 potions of cancellation
 r - 2 potions of degeneration {unknown}
 v - 4 potions of lignification {!q}
 D - 2 potions of might {unknown}
 H - 6 potions of curing {@q1}
 I - a potion of flight {unknown}
 K - a potion of berserk rage {unknown}
 P - a potion of resistance {unknown}
 S - 2 potions of brilliance {unknown}


   Skills:
 + Level 6.0 Fighting
 + Level 7.2 Dodging
 - Level 2.4 Stealth
 * Level 6.7 Unarmed Combat
 - Level 9.3 Spellcasting
 - Level 2.0 Conjurations
 - Level 15.6 Transmutations
 - Level 15.3 Air Magic


You had 17 spell levels left.
You knew the following spells:

 Your Spells              Type           Power      Damage    Failure   Level
a - Shock                 Conj/Air       100%       1d9       1%          1
b - Airstrike             Air            39%        2d(6-22)  1%          4
c - Storm Form            Tmut/Air       39%        N/A       6%          7
d - Wereblood             Tmut           79%        N/A       0%          2

Your spell library contained the following spells:

 Spells                   Type           Power      Damage    Failure   Level
 Beastly Appendage        Tmut           100%       N/A       0%          1
 Magic Dart               Conj           96%        1d7       1%          1
 Static Discharge         Conj/Air       100%       2-7/arc   1%          2
 Mephitic Cloud           Conj/Pois/Air  45%        N/A       1%          3
 Spider Form              Tmut/Pois      54%        N/A       1%          3
 Swiftness                Air            78%        N/A       1%          3
 Summon Lightning Spire   Summ/Air       54%        N/A       1%          4
 Slow                     Hex            52%        N/A       4%          1
 Call Imp                 Summ           26%        N/A       6%          2
 Scorch                   Fire           26%        2d6       6%          2
 Dazzling Flash           Conj/Hex       36%        N/A       9%          3
 Confusing Touch          Hex            13%        N/A       13%         3
 Vampiric Draining        Necr           13%        2d6       13%         3
 Volatile Blastmotes      Fire/Tloc      26%        2d12      13%         3
 Flame Wave               Conj/Fire      18%        2d7       28%         4
 Iskenderun's Mystic Bla  Conj/Tloc      18%        2d6       28%         4
 Maxwell's Capacitive Co  Air            39%        ∞         45%         8
 Starburst                Conj/Fire      9%         6d5       99%         6
 Summon Cactus Giant      Summ           6%         N/A       100%        6


Dungeon Overview and Level Annotations

Branches:
Dungeon (11/15) Zot: 26525  Temple (0/1) D:7            Lair (5/5) D:8 Zot: 21729
  Swamp (0/4) Lair:2       Spider (0/4) Lair:2        Slime (0/5) Lair:4
    Orc (0/2) D:9         Gauntlet (1/1) Zot: 5557

Altars:
Dithmenos
Elyvilon
Hepliaklqana
Okawaru
Trog
Uskayaw
Vehumet
Wu Jian
Xom
Yredelemnul
Zin
The Shining One
Jiyva

Shops:
D:3 *   D:8 [

Annotations:
D:3 exclusion: Sigmund
Lair:2 1 exclusion Gauntlet 8 transporters


Message History

Casting: Storm Form (quite dangerous; 6% risk of failure)
Confirm with . or Enter, or press ? or * to list all spells.
The spell is quite dangerous to miscast (6% risk of failure)!
Continue anyway?
You extend your transformation's duration.
You start resting.
A minotaur is nearby!
You barely miss the minotaur.
You punch the minotaur, but do no damage.
The minotaur hits you with a +4 dagger of flaming!!
The minotaur burns you.
The minotaur gores you but does no damage.
You hit the minotaur.
You punch the minotaur, but do no damage.
The minotaur is lightly wounded.
The minotaur closely misses you.
The minotaur gores you but does no damage.
You barely miss the minotaur. The minotaur misses you.
The minotaur closely misses you.
You hit the minotaur but do no damage.
You punch the minotaur, but do no damage.
The minotaur hits you with a +4 dagger of flaming.
The minotaur burns you.
The minotaur gores you but does no damage.
You hit the minotaur. Lightning courses through the minotaur!
The minotaur is lightly wounded.
The minotaur barely misses you. x2
You completely miss the minotaur. You punch the minotaur.
The minotaur is lightly wounded.
The minotaur hits you with a +4 dagger of flaming!!
* * * LOW HITPOINT WARNING * * *
The minotaur burns you!
* * * LOW HITPOINT WARNING * * *
The minotaur misses you.
You buffet the minotaur!
The minotaur is moderately wounded.
The minotaur hits you but does no damage.
The minotaur misses you.
Okay, then.
As you read the scroll of fear, it crumbles to dust.
You assume a fearsome visage.
The minotaur easily resists.
The minotaur hits you with a +4 dagger of flaming.
* * * LOW HITPOINT WARNING * * *
The minotaur burns you.
* * * LOW HITPOINT WARNING * * *
The minotaur gores you.
* * * LOW HITPOINT WARNING * * *
You feel yourself speed up.
The minotaur hits you with a +4 dagger of flaming!
You die...
Your body rises from the dead as a mindless zombie.

.....8.....8.....8...............
...§..§.........§.......8......8.
...§§#≈#########§#....§§..§§§....
#≈#§####.......####≈#≈#≈#§#≈#≈#§#
#######..8.8.8..#################
##...©.©.©...## #.............#
#######.####### #...........v.#
#.###########H# ..H.....#
#.###.#.# #.#.# . #.# #. #.# #
..# .##


You could see a minotaur.

Vanquished Creatures
  Josephine (D:10)
  A hydra (Lair:5)
  3 catoblepae
  2 boulder beetles (Lair:5)
  A centaur warrior (D:10)
  A death yak (Lair:5)
  2 two-headed ogres
  2 manticores (Lair:5)
  Maurice (D:9)
  8 elephants
  2 black mambas
  A gargoyle (D:11)
  6 cane toads
  5 kobold demonologists (D:11)
  An unseen horror (D:7)
  A rime drake (Lair:1)
  8 komodo dragons
  A hellwing (Gauntlet)
  2 polar bears
  5 blink frogs
  A troll (D:9)
  3 dream sheep (Lair:5)
  2 hornets (Lair:5)
  A spectral black mamba (Lair:2)
  2 slime creatures
  Sigmund (D:3)
  2 shadows
  4 wyverns
  3 small abominations (Gauntlet)
  4 wraiths (D:10)
  A spectral komodo dragon (Lair:2)
  22 yaks
  2 basilisks
  2 redbacks (Lair:2)
  3 wargs (D:8)
  3 large abominations (Gauntlet)
  A steam dragon (Lair:3)
  2 acid dragons
  15 water moccasins
  Duvessa (D:6)
  3 sky beasts
  5 orc warriors
  4 black bears
  A spectral rime drake (Lair:2)
  2 ogres
  2 wolves (Lair:1)
  13 centaurs
  7 bullfrogs
  2 gnoll sergeants
  A kobold brigand (D:8)
  Blork the orc (D:5)
  3 scorpions
  4 wights
  Dowan (D:6)
  6 killer bees
  5 howler monkeys
  2 electric eels
  2 hounds (D:6)
  A centaur zombie (D:7)
  6 jellies
  Crazy Yiuf (D:2)
  9 orc priests
  3 sleepcaps
  A gnoll bouda (D:9)
  An iguana (D:5)
  Ijyb (D:5)
  13 orc wizards
  5 hell rats (Lair:5)
  A killer bee zombie (D:9)
  14 gnolls
  7 adders
  2 shadow imps
  An ufetubus (D:5)
  3 dart slugs
  29 orcs
  8 ball pythons
  7 endoplasms
  6 giant cockroaches
  9 goblins
  5 hobgoblins
  10 jackals
  2 quokkas (D:1)
  4 bats
  3 frilled lizards
  13 kobolds
  A rat (D:2)
359 creatures vanquished.

Vanquished Creatures (collateral kills)
  A dire elephant (Lair:5)
  4 hydras
  A boulder beetle (Lair:4)
  2 death yaks (Lair:5)
  A skyshark (Lair:2)
  10 elephants
  A black mamba (Lair:4)
  A gargoyle (D:11)
  3 komodo dragons
  2 cane toads
  A rime drake (Lair:2)
  7 blink frogs
  A hornet (D:9)
  A slime creature (Lair:4)
  A wyvern (Lair:1)
  13 yaks
  A basilisk (Lair:1)
  A steam dragon (D:9)
  2 water moccasins (Lair:5)
  4 wolves (Lair:1)
  3 spectral water moccasins (Lair:2)
  A scorpion (D:6)
  A howler monkey (D:4)
  A hell rat (Lair:5)
  2 gnolls
  An adder (D:4)
  A white imp (D:8)
  3 orcs
  4 endoplasms
  2 quokkas
  A bat (D:1)
  A kobold (D:11)
  A butterfly (Lair:1)
80 creatures vanquished.

Vanquished Creatures (others)
  A two-headed ogre (D:9)
  Maggie (D:9)
  A hornet (D:9)
  A yak (Lair:1)
  A spectral hellwing (Gauntlet)
  An elephant zombie (Lair:3)
  2 blink frog zombies (Lair:5)
  A centaur (D:9)
  2 wyvern zombies
  8 water moccasin zombies
  A warg zombie (D:8)
  7 yak zombies
  2 wolf zombies (Lair:1)
  4 centaur zombies
  5 bullfrog zombies
  A scorpion zombie (D:7)
  2 killer bee zombies (D:9)
  A sky beast zombie (D:6)
  A human zombie (D:9)
  A hound zombie (D:6)
  6 hell rat zombies (Lair:5)
  A gnoll (D:9)
  3 jelly zombies
  An elf zombie (D:6)
  A spectral shadow imp (D:7)
  A spectral white imp (D:8)
  2 adder zombies
  A bat zombie (D:2)
  9 gnoll zombies
  2 ball python zombies
  A dart slug zombie (D:3)
  An endoplasm zombie (D:3)
  A jackal zombie (D:5)
  3 kobold zombies
  17 orc zombies
  A spectral ufetubus (D:5)
95 creatures vanquished.

Grand Total: 534 creatures vanquished

Notes
Turn   | Place    | Note
-------+----------+-------------------------------------------
     0 | D:1      | GeoRichter the Deep Elf Air Elementalist began the quest
                  | for the Orb.
     0 | D:1      | Reached XP level 1. HP: 10/10 MP: 6/6
   175 | D:1      | Reached XP level 2. HP: 15/15 MP: 6/8
   382 | D:1      | Found a faded altar of an unknown god.
   399 | D:1      | Prayed at the altar of an unknown god.
   399 | D:1      | Became a worshipper of Yredelemnul the Dark
   399 | D:1      | Reached * piety under Yredelemnul
   859 | D:1      | Reached ** piety under Yredelemnul
   860 | D:1      | Reached XP level 3. HP: 19/19 MP: 5/10
  1261 | D:2      | Found a runed translucent door.
  1262 | D:2      | Noticed Crazy Yiuf
  1271 | D:2      | Killed Crazy Yiuf
  1272 | D:2      | Reached XP level 4. HP: 24/24 MP: 7/11
  1653 | D:2      | Identified the +2 robe of Nyecwy {rCorr}
  2409 | D:3      | Learned a level 4 spell: Airstrike
  2418 | D:3      | Noticed Sigmund
  2532 | D:3      | Reached XP level 5. HP: 21/28 MP: 4/13
  2539 | D:3      | Reached skill level 5 in Air Magic
  2705 | D:3      | Found a radiant altar of Vehumet.
  2709 | D:3      | Found a shadowy altar of Dithmenos.
  2781 | D:3      | Found Jadghuul's Assorted Antiques.
  2958 | D:3      | Killed Sigmund
  2959 | D:3      | Reached skill level 5 in Spellcasting
  2959 | D:3      | Reached XP level 6. HP: 32/32 MP: 10/16
  3735 | D:4      | Reached XP level 7. HP: 36/36 MP: 2/18
  4172 | D:4      | Found a hazy altar of Hepliaklqana.
  4279 | D:5      | Entered Level 5 of the Dungeon
  4461 | D:5      | Found a basalt altar of Yredelemnul.
  4518 | D:5      | Found a white marble altar of Elyvilon.
  5089 | D:5      | Noticed Ijyb
  5091 | D:5      | Killed Ijyb
  5095 | D:5      | Reached XP level 8. HP: 41/41 MP: 3/21
  5096 | D:5      | Reached *** piety under Yredelemnul
  5336 | D:5      | Noticed Blork the orc
  5340 | D:5      | Killed Blork the orc
  5347 | D:5      | Reached **** piety under Yredelemnul
  5813 | D:6      | Noticed Duvessa
  5813 | D:6      | Noticed Dowan
  5817 | D:6      | Killed Dowan
  5830 | D:6      | Your ally Dowan died
  6070 | D:6      | Killed Duvessa
  6534 | D:6      | Reached skill level 10 in Air Magic
  6788 | D:6      | Reached XP level 9. HP: 45/45 MP: 15/24
  7340 | D:7      | Found a staircase to the Ecumenical Temple.
  7351 | D:7      | Reached skill level 1 in Transmutations
  7433 | D:7      | Reached skill level 1 in Fighting
  8306 | D:7      | Reached skill level 5 in Transmutations
  8530 | D:7      | Killed an unseen horror
  8812 | D:8      | Reached XP level 10. HP: 56/56 MP: 11/25
  9119 | D:8      | Found a staircase to the Lair.
  9133 | D:8      | Learned a level 7 spell: Storm Form
  9569 | D:8      | Found Rontaick's Antique Armour Shop.
  9724 | D:8      | Found a glowing golden altar of the Shining One.
 10484 | D:9      | Found an iron altar of Okawaru.
 10505 | D:9      | Killed a two-headed ogre
 10671 | D:9      | Found a bloodstained altar of Trog.
 10673 | D:9      | Noticed Maggie
 10966 | D:9      | Found Zin's Purification Station.
 10978 | D:9      | Found a glowing silver altar of Zin.
 10981 | D:9      | Bought a potion of curing for 90 gold pieces
 11168 | D:9      | Noticed Maurice
 11174 | D:9      | Killed Maurice
 11213 | D:9      | Killed Maggie
 11567 | D:9      | Found a staircase to the Orcish Mines.
 11579 | D:9      | Found an ornate altar of the Wu Jian Council.
 11759 | D:9      | Found a shimmering altar of Xom.
 11895 | D:9      | Noticed a two-headed ogre
 11900 | D:9      | Killed a two-headed ogre
 11901 | D:9      | Reached skill level 10 in Transmutations
 11908 | D:9      | Your ally Maurice died
 11924 | D:9      | Reached XP level 11. HP: 59/60 MP: 2/26
 12115 | Lair:1   | Entered Level 1 of the Lair of Beasts
 12640 | Lair:1   | Reached ***** piety under Yredelemnul
 13710 | Lair:2   | Found a hole to the Spider Nest.
 13803 | Lair:2   | Noticed a skyshark
 13808 | Lair:2   | Killed a skyshark
 14174 | Lair:2   | Found a staircase to the Swamp.
 14174 | Lair:2   | Noticed a ghost crab
 15286 | Lair:3   | Reached XP level 12. HP: 64/64 MP: 18/27
 16674 | Lair:4   | Noticed a boulder beetle
 16680 | Lair:4   | Killed a boulder beetle
 16686 | Lair:4   | Found a viscous altar of Jiyva.
 16686 | Lair:4   | Found a staircase to the Slime Pits.
 16925 | Lair:4   | Noticed a catoblepas
 16931 | Lair:4   | Killed a catoblepas
 17477 | Lair:4   | Noticed a four-headed hydra
 17483 | Lair:4   | Killed a four-headed hydra
 17486 | Lair:4   | Reached ****** piety under Yredelemnul
 17491 | Lair:4   | Reached skill level 15 in Transmutations
 17628 | Lair:4   | Identified the staff of poison "Kekopafof" {Fly rPois Str+3
                  | Int-3 SInv}
 17946 | Lair:4   | Learned a level 2 spell: Wereblood
 17978 | Lair:5   | Entered Level 5 of the Lair of Beasts
 18030 | Lair:5   | Noticed a boulder beetle
 18048 | Lair:5   | Killed a boulder beetle
 18049 | Lair:5   | Reached skill level 1 in Unarmed Combat
 18101 | Lair:5   | Noticed a four-headed hydra
 18105 | Lair:5   | Killed a four-headed hydra
 18110 | Lair:5   | Reached XP level 13. HP: 70/70 MP: 3/28
 18767 | Lair:5   | Reached skill level 5 in Dodging
 18835 | Lair:5   | Reached skill level 15 in Air Magic
 18874 | Lair:5   | Reached skill level 5 in Fighting
 18884 | Lair:5   | Reached skill level 5 in Unarmed Combat
 19084 | Lair:5   | Noticed a dire elephant
 19096 | Lair:5   | Killed a dire elephant
 19202 | Lair:5   | Found a hide-covered altar of Uskayaw.
 19202 | Lair:5   | Found an ornate altar of the Wu Jian Council.
 19711 | D:9      | Found a bloodstained altar of Trog.
 19790 | D:9      | Found a glowing silver altar of Zin.
 19889 | D:9      | Found a staircase to the Orcish Mines.
 19901 | D:9      | Found an ornate altar of the Wu Jian Council.
 19969 | D:9      | Found a shimmering altar of Xom.
 20005 | D:9      | Found an iron altar of Okawaru.
 20142 | D:9      | Found a glowing silver altar of Zin.
 20241 | D:9      | Found a staircase to the Orcish Mines.
 20253 | D:9      | Found an ornate altar of the Wu Jian Council.
 20321 | D:9      | Found a shimmering altar of Xom.
 20357 | D:9      | Found an iron altar of Okawaru.
 20433 | D:9      | Found a bloodstained altar of Trog.
 20539 | D:10     | Entered Level 10 of the Dungeon
 20735 | D:10     | Noticed Josephine
 20746 | D:10     | Killed Josephine
 21121 | D:10     | Reached XP level 14. HP: 70/78 MP: 22/29
 21836 | D:11     | Found a gate leading to a gauntlet.
 21843 | Gauntlet | Entered a Gauntlet
 21843 | Gauntlet | Found a transporter.
 21846 | Gauntlet | Found a transporter.
 21848 | Gauntlet | Found a transporter.
 21848 | Gauntlet | Found a transporter.
 21851 | Gauntlet | Found a transporter.
 21852 | Gauntlet | Found a transporter.
 21855 | Gauntlet | Noticed a reaper
 21860 | Gauntlet | Found a transporter.
 21869 | Gauntlet | Found a transporter.
 21931 | Gauntlet | Found a transporter.
 21931 | Gauntlet | Noticed a reaper
 21947 | Gauntlet | Found a transporter.
 21951 | Gauntlet | Found a transporter.
 21969 | Gauntlet | Found a transporter.
 22235 | Gauntlet | Identified the amulet "Piumofu" {Acrobat rN+ Int+2 Stlth+}
 22289 | Gauntlet | Slain by a minotaur

Illustrated notes

Levels and vault maps discovered:
D:1:      sevenhm_arrival_forest_fort_large_4, layout_rooms,
          hellmonk_ecumenical_altar_lost_god, grunt_decor_arrowhead,
          minivault_14
D:2:      layout_basic, st_stairs_8, minivault_19, nicolae_hexahallways,
          grunt_ministairs_13, uniq_crazy_yiuf_cottage
D:3:      layout_loops_ring, nicolae_dithmenos_through_a_glass_darkly,
          fiery_altar_vehumet, serial_shops, shop, uniq_sigmund
D:4:      layout_cave_pools, mainiacjoe_overflow_six_doors_small,
          serial_bayou_pond_b
D:5:      layout_gridville, kennysheep_ying_yang, minmay_between,
          uniq_blork_the_orc, uniq_ijyb
D:6:      layout_loops_corners, grunt_ministairs_13, uniq_duvessa
D:7:      minmay_blocky_corners, layout_loops_ring,
          minmay_temple_entry_stoned_glass
D:8:      minmay_bubble_buster, layout_rooms, lemuel_coloured_pillars_altar,
          erik_lair_orcish_takeover, serial_shops, nicolae_shop_real_fake_doors,
          enter_bailey_5
D:9:      layout_small_grid, zin_purify, pdpol_wu_jian_five_deadly_venoms,
          mainiacjoe_overflow_alcove_1, mainiacjoe_overflow_alcove_4,
          xom_confusion_cloud, orc_0_dummy, uniq_maurice, uniq_maggie
D:10:     layout_irregular_city, hangedman_decor_diamond_cutter, uniq_josephine
D:11:     layout_cave_pods, gauntlet_entry_generic
Lair:1:   layout_long_grid, lemuel_fruit_fields, infiniplex_staircase_pool_2
Lair:2:   beargit_carnivore_pack, layout_chaotic_city,
          nicolae_swamp_entry_spooky, spider_nest_entry_webs, st_stairs_13
Lair:3:   layout_chaotic_city
Lair:4:   layout_cave_pods, minmay_slime_entry_pillars,
          nicolae_quartered_pool_medium, serial_bayou_shore_b
Lair:5:   hangedman_lair_in_review, layout_gridlike,
          nzn_masters_of_martial_movement, infiniplex_staircase_pool
Gauntlet: minmay_gauntlet_mixed_oops_all_seconds
          [minmay_gauntlet_arena_77_two_paths, gammafunk_gauntlet_arena_crates,
          minmay_gauntlet_arena_77_checkered, gammafunk_gauntlet_arena_grid,
          minmay_gauntlet_arena_77_p_blocks, nicolae_gauntlet_arena_blocks,
          dreamdust_gauntlet_exit_labyrinth]

Skill      XL: |  1  2  3  4  5  6  7  8  9 10 11 12 13 14 |
---------------+-------------------------------------------+-----
Conjurations   | 2 |  2.0
Air Magic      | 4 6 8 10 12 13 14 15 | 15.3
Spellcasting   | 4 5 6 7 9 |  9.3
Transmutations | 6 10 13 15 | 15.6
Fighting       | 3 5 6 |  6.0
Unarmed Combat | 1 6 |  6.7
Dodging        | 3 6 7 |  7.2
Stealth        | |  2.4

Action                     |  1- 3 |  4- 6 |  7- 9 | 10-12 | 13-15 || total
---------------------------+-------+-------+-------+-------+-------++-------
  Melee: Short sword       |       |     6 |       |       |       ||     6
         Dagger            |       |       |    26 |   140 |     1 ||   167
         Unarmed           |       |       |       |    16 |   227 ||   243
         Punch             |       |       |       |     1 |    11 ||    12
   Cast: Shock             |    61 |    71 |    97 |    98 |       ||   327
         Airstrike         |       |    12 |    91 |   241 |    10 ||   354
         Storm Form        |       |       |       |     2 |    21 ||    23
         Wereblood         |       |       |       |     1 |    12 ||    13
  Evoke: Wand              |       |       |     7 |     7 |       ||    14
    Use: Scroll            |     1 |     1 |    10 |     8 |     4 ||    24
         Potion            |       |     1 |     1 |     7 |     1 ||    10
   Stab: Invisible         |       |       |       |     6 |       ||     6
         Distracted        |       |       |       |     1 |     6 ||     7
 Armour: Robe              |     9 |    10 |    35 |   103 |     1 ||   158
         Skin              |       |       |       |     5 |    69 ||    74
  Dodge: Dodged            |    11 |     6 |    49 |   176 |   284 ||   526
  Block: Buckler           |       |       |       |    89 |       ||    89
         Reflection        |       |       |       |     7 |     6 ||    13
         Other             |       |       |       |    12 |    60 ||    72
